[ AOE2 MATCH · #507256324 ]
UnrankedHindustanis vs Maya
Rival team · WIN
[ REPLAY ANALYSIS · EXTRACTED FROM THE RECORDED GAME ]
Feudal
10:38
Castle
21:03
Imperial
40:16
| APM avg | 64.8 |
| APM peak | 136 |
| eAPM avg | 27.4 |
| Villagers / military | 157 / 42 |
Focus
⚔️ 23.6% · 🌾 76.4%
Skirmisher ×21 · Archer ×9 · Militia ×7 · Mangonel ×3 · Scorpion ×1 · Cavalry Archer ×1
Feudal
13:30
Castle
20:38
Imperial
38:37
| APM avg | 71.8 |
| APM peak | 163 |
| eAPM avg | 36.1 |
| Villagers / military | 155 / 147 |
Focus
⚔️ 38.6% · 🌾 61.4%
Eagle Scout ×77 · Plumed Archer ×54 · Trebuchet (Packed) ×8 · Mangonel ×6 · Monk ×1 · Battering Ram ×1
Match map
Initial resources + every placement click. Lines = walls · curves = elevation contours. ◆ gold · ⬟ stone · ● berries · ✦ relic · ◌ wall gap
Your base· ✓ Closed at 21:03 · 39t walls · no gate
Joselu9710's base· Open — opponent sealed themselves in
Smoothed initial terrain · ◌ = detected wall gap · hover for details
Inputs per minute
— uel - - Joselu9710
Build order — uel
First 150 of 347 actions detected
| 0:01 | Create | Villager (Male) |
| 0:01 | Create | Villager (Male) |
| 0:01 | Create | Villager (Male) |
| 0:02 | Build | House |
| 0:04 | Build | House |
| 0:35 | Create | Villager (Male) |
| 0:35 | Create | Villager (Male) |
| 1:25 | Create | Villager (Male) |
| 1:36 | Create | Villager (Male) |
| 1:36 | Create | Villager (Male) |
| 1:56 | Build | Lumber Camp |
| 2:11 | Create | Villager (Male) |
| 2:11 | Create | Villager (Male) |
| 2:25 | Create | Villager (Male) |
| 2:39 | Create | Villager (Male) |
| 3:18 | Create | Villager (Male) |
| 3:18 | Create | Villager (Male) |
| 3:52 | Build | House |
| 3:52 | Build | House |
| 4:01 | Create | Villager (Male) |
| 4:13 | Create | Villager (Male) |
| 4:26 | Create | Villager (Male) |
| 4:53 | Build | Barracks |
| 4:56 | Create | Villager (Male) |
| 5:12 | Create | Villager (Male) |
| 5:30 | Build | House |
| 5:46 | Create | Militia |
| 5:46 | Create | Militia |
| 6:02 | Create | Militia |
| 6:08 | Create | Villager (Male) |
| 6:24 | Build | Mill |
| 6:48 | Create | Villager (Male) |
| 6:55 | Create | Villager (Male) |
| 7:16 | Create | Villager (Male) |
| 7:16 | Research | Loom |
| 8:04 | Research | Feudal Age |
| 8:05 | Research | Feudal Age |
| 8:08 | Build | Mining Camp |
| 8:37 | Create | Villager (Male) |
| 9:51 | Create | Villager (Male) |
| 9:53 | Build | House |
| 10:38 | Age | Feudal Age |
| 10:41 | Research | Man-at-Arms (upgrade) |
| 10:42 | Research | Man-at-Arms (upgrade) |
| 10:51 | Build | Archery Range |
| 10:54 | Research | Double-Bit Axe |
| 10:54 | Research | Double-Bit Axe |
| 10:58 | Build | Farm |
| 10:59 | Build | Farm |
| 11:14 | Build | House |
| 11:18 | Create | Villager (Male) |
| 11:28 | Create | Archer |
| 11:28 | Create | Archer |
| 11:30 | Build | Farm |
| 11:31 | Create | Villager (Male) |
| 11:43 | Build | Watch Tower |
| 11:47 | Create | Archer |
| 11:50 | Build | House |
| 12:04 | Create | Villager (Male) |
| 12:23 | Create | Archer |
| 12:25 | Create | Villager (Male) |
| 12:30 | Create | Militia |
| 12:45 | Create | Villager (Male) |
| 12:46 | Build | Blacksmith |
| 13:11 | Create | Archer |
| 13:20 | Create | Militia |
| 13:22 | Create | Villager (Male) |
| 13:24 | Build | Farm |
| 13:52 | Research | Forging |
| 13:52 | Research | Fletching |
| 14:03 | Research | Fletching |
| 14:03 | Research | Fletching |
| 14:05 | Build | Farm |
| 14:06 | Create | Villager (Male) |
| 14:09 | Build | Farm |
| 14:11 | Build | Farm |
| 14:17 | Create | Militia |
| 14:25 | Create | Villager (Male) |
| 14:28 | Build | Farm |
| 14:34 | Build | Palisade Wall |
| 14:37 | Build | Palisade Wall |
| 14:38 | Build | Palisade Wall |
| 14:39 | Build | Palisade Wall |
| 14:48 | Create | Archer |
| 14:56 | Build | Palisade Wall |
| 14:58 | Build | Palisade Wall |
| 15:00 | Create | Villager (Male) |
| 15:06 | Create | Archer |
| 15:23 | Create | Villager (Male) |
| 15:47 | Create | Villager (Male) |
| 15:50 | Build | Market |
| 15:53 | Build | House |
| 15:57 | Build | Farm |
| 15:58 | Research | Horse Collar |
| 15:59 | Research | Horse Collar |
| 16:28 | Create | Villager (Male) |
| 16:34 | Build | Farm |
| 16:53 | Create | Archer |
| 17:13 | Create | Villager (Male) |
| 17:16 | Build | Farm |
| 17:26 | Create | Villager (Male) |
| 17:28 | Build | Farm |
| 17:41 | Build | Farm |
| 17:42 | Create | Villager (Male) |
| 17:44 | Build | Farm |
| 18:14 | Build | House |
| 18:23 | Research | Castle Age |
| 18:23 | Research | Castle Age |
| 18:43 | Build | Farm |
| 18:50 | Research | Gold Mining |
| 18:58 | Create | Militia |
| 19:03 | Create | Archer |
| 19:16 | Create | Villager (Male) |
| 19:20 | Build | House |
| 19:21 | Build | House |
| 20:10 | Build | Lumber Camp |
| 20:49 | Create | Villager (Male) |
| 21:03 | Age | Castle Age |
| 21:07 | Create | Villager (Male) |
| 21:15 | Research | Crossbowman (upgrade) |
| 21:16 | Research | Bodkin Arrow |
| 21:24 | Build | Town Center |
| 21:49 | Create | Villager (Male) |
| 21:52 | Build | Farm |
| 21:53 | Create | Villager (Male) |
| 21:57 | Research | Padded Archer Armor |
| 22:14 | Create | Villager (Male) |
| 22:28 | Create | Villager (Male) |
| 22:36 | Create | Villager (Male) |
| 22:43 | Create | Villager (Male) |
| 22:47 | Build | Town Center |
| 22:49 | Create | Villager (Male) |
| 22:49 | Create | Villager (Male) |
| 22:49 | Create | Villager (Male) |
| 22:50 | Create | Villager (Male) |
| 22:52 | Create | Villager (Male) |
| 23:10 | Research | Bow Saw |
| 23:10 | Research | Bow Saw |
| 23:21 | Build | House |
| 23:30 | Create | Villager (Male) |
| 23:58 | Create | Villager (Male) |
| 24:00 | Research | Wheelbarrow |
| 24:10 | Build | Palisade Wall |
| 24:18 | Build | Farm |
| 24:18 | Build | Farm |
| 24:19 | Build | Farm |
| 24:19 | Build | Farm |
| 24:19 | Build | Farm |
| 24:34 | Create | Villager (Male) |
| 24:36 | Build | Farm |
Build order — Joselu9710
First 150 of 492 actions detected
| 0:03 | Research | Loom |
| 0:03 | Research | Loom |
| 0:05 | Build | House |
| 0:10 | Build | House |
| 0:13 | Create | Villager (Male) |
| 0:13 | Create | Villager (Male) |
| 0:19 | Create | Villager (Male) |
| 0:19 | Create | Villager (Male) |
| 1:38 | Create | Villager (Male) |
| 1:38 | Create | Villager (Male) |
| 1:56 | Build | Lumber Camp |
| 2:02 | Create | Villager (Male) |
| 2:04 | Create | Villager (Male) |
| 2:05 | Create | Villager (Male) |
| 2:41 | Create | Villager (Male) |
| 2:42 | Create | Villager (Male) |
| 3:22 | Create | Villager (Male) |
| 3:22 | Create | Villager (Male) |
| 3:44 | Create | Villager (Male) |
| 3:45 | Create | Villager (Male) |
| 3:45 | Create | Villager (Male) |
| 3:59 | Build | House |
| 4:00 | Build | House |
| 4:14 | Create | Villager (Male) |
| 4:14 | Create | Villager (Male) |
| 4:50 | Build | House |
| 4:59 | Build | Palisade Wall |
| 5:02 | Create | Villager (Male) |
| 5:02 | Create | Villager (Male) |
| 5:03 | Create | Villager (Male) |
| 5:06 | Create | Villager (Male) |
| 5:06 | Create | Villager (Male) |
| 5:12 | Build | Mill |
| 5:52 | Create | Villager (Male) |
| 6:22 | Create | Villager (Male) |
| 6:26 | Build | House |
| 6:28 | Build | Palisade Wall |
| 6:30 | Build | Palisade Wall |
| 6:33 | Create | Villager (Male) |
| 6:40 | Build | Palisade Wall |
| 6:41 | Build | Palisade Wall |
| 6:54 | Build | House |
| 6:55 | Build | Palisade Wall |
| 7:15 | Create | Villager (Male) |
| 7:45 | Build | Palisade Wall |
| 7:47 | Build | Palisade Wall |
| 7:49 | Build | Palisade Wall |
| 7:57 | Create | Villager (Male) |
| 8:05 | Create | Villager (Male) |
| 8:08 | Build | House |
| 8:14 | Build | Palisade Gate |
| 8:15 | Create | Villager (Male) |
| 8:40 | Build | House |
| 8:41 | Create | Villager (Male) |
| 8:45 | Create | Villager (Male) |
| 8:52 | Build | Palisade Gate |
| 8:54 | Build | House |
| 9:19 | Create | Villager (Male) |
| 9:28 | Build | Palisade Gate |
| 9:40 | Create | Villager (Male) |
| 9:45 | Create | Villager (Male) |
| 10:02 | Create | Villager (Male) |
| 10:06 | Build | House |
| 10:16 | Build | House |
| 10:19 | Build | Palisade Wall |
| 10:21 | Build | Palisade Wall |
| 10:22 | Create | Villager (Male) |
| 10:25 | Build | Palisade Wall |
| 10:34 | Build | Farm |
| 10:35 | Build | Farm |
| 10:37 | Build | Farm |
| 10:55 | Create | Villager (Male) |
| 11:20 | Research | Feudal Age |
| 11:20 | Research | Feudal Age |
| 11:22 | Build | Mining Camp |
| 11:29 | Create | Villager (Male) |
| 11:39 | Create | Villager (Male) |
| 11:53 | Build | House |
| 12:00 | Create | Villager (Male) |
| 12:20 | Create | Villager (Male) |
| 12:32 | Create | Villager (Male) |
| 12:41 | Create | Villager (Male) |
| 12:41 | Create | Villager (Male) |
| 13:14 | Create | Villager (Male) |
| 13:30 | Age | Feudal Age |
| 14:10 | Create | Villager (Male) |
| 14:14 | Build | House |
| 14:16 | Build | Stone Wall |
| 14:17 | Build | Stone Wall |
| 14:21 | Build | Stone Wall |
| 14:22 | Build | Stone Wall |
| 14:30 | Build | Stone Wall |
| 14:32 | Build | Stone Wall |
| 14:37 | Create | Villager (Male) |
| 14:40 | Build | Mining Camp |
| 14:56 | Build | House |
| 15:06 | Build | Stone Wall |
| 15:33 | Research | Double-Bit Axe |
| 15:53 | Build | Watch Tower |
| 15:55 | Build | House |
| 16:15 | Build | House |
| 16:16 | Build | Palisade Wall |
| 16:18 | Create | Villager (Male) |
| 16:29 | Build | Market |
| 16:30 | Create | Villager (Male) |
| 16:36 | Research | Double-Bit Axe |
| 16:37 | Research | Double-Bit Axe |
| 16:48 | Build | Stone Wall |
| 16:52 | Create | Villager (Male) |
| 17:09 | Build | Blacksmith |
| 17:17 | Create | Villager (Male) |
| 17:30 | Create | Villager (Male) |
| 17:37 | Build | Stone Wall |
| 17:40 | Build | Stone Wall |
| 17:44 | Build | Stone Wall |
| 17:49 | Research | Castle Age |
| 17:49 | Research | Castle Age |
| 18:03 | Build | Watch Tower |
| 18:07 | Build | Farm |
| 18:09 | Build | Farm |
| 18:09 | Create | Villager (Male) |
| 18:20 | Build | Farm |
| 18:22 | Build | Farm |
| 18:31 | Build | Farm |
| 18:38 | Build | Farm |
| 18:44 | Build | Farm |
| 19:15 | Research | Horse Collar |
| 19:18 | Research | Gold Mining |
| 19:32 | Build | Farm |
| 19:34 | Build | Farm |
| 19:50 | Research | Fletching |
| 19:50 | Research | Fletching |
| 19:58 | Build | Farm |
| 20:01 | Build | Farm |
| 20:12 | Create | Villager (Male) |
| 20:38 | Age | Castle Age |
| 20:45 | Build | Castle |
| 20:57 | Research | Bow Saw |
| 20:58 | Create | Villager (Male) |
| 21:12 | Research | Padded Archer Armor |
| 21:12 | Research | Padded Archer Armor |
| 21:25 | Create | Villager (Male) |
| 21:28 | Research | Bodkin Arrow |
| 21:28 | Research | Bodkin Arrow |
| 21:45 | Build | Farm |
| 21:47 | Build | Farm |
| 21:51 | Research | Padded Archer Armor |
| 21:51 | Create | Plumed Archer |
| 21:51 | Create | Plumed Archer |
| 21:51 | Create | Plumed Archer |
Match timeline
| 4:53 | uel · first_building Barracks |
| 4:59 | Joselu9710 · wall_segment Palisade Wall x9 |
| 6:28 | Joselu9710 · wall_segment Palisade Wall x2 |
| 6:30 | Joselu9710 · wall_segment Palisade Wall x16 |
| 6:40 | Joselu9710 · wall_segment Palisade Wall x1 |
| 6:41 | Joselu9710 · wall_segment Palisade Wall x1 |
| 6:55 | Joselu9710 · wall_segment Palisade Wall x5 |
| 7:45 | Joselu9710 · wall_segment Palisade Wall x1 |
| 7:47 | Joselu9710 · wall_segment Palisade Wall x1 |
| 7:49 | Joselu9710 · wall_segment Palisade Wall x1 |
| 10:19 | Joselu9710 · wall_segment Palisade Wall x5 |
| 10:21 | Joselu9710 · wall_segment Palisade Wall x1 |
| 10:25 | Joselu9710 · wall_segment Palisade Wall x1 |
| 10:38 | uel · age_up feudal |
| 10:51 | uel · first_building Archery Range |
| 13:30 | Joselu9710 · age_up feudal |
| 14:16 | Joselu9710 · wall_segment Stone Wall x2 |
| 14:17 | Joselu9710 · wall_segment Stone Wall x1 |
| 14:21 | Joselu9710 · wall_segment Stone Wall x1 |
| 14:22 | Joselu9710 · wall_segment Stone Wall x1 |
| 14:30 | Joselu9710 · wall_segment Stone Wall x1 |
| 14:32 | Joselu9710 · wall_segment Stone Wall x1 |
| 14:34 | uel · wall_segment Palisade Wall x7 |
| 14:37 | uel · wall_segment Palisade Wall x2 |
| 14:38 | uel · wall_segment Palisade Wall x1 |
| 14:39 | uel · wall_segment Palisade Wall x13 |
| 14:56 | uel · wall_segment Palisade Wall x8 |
| 14:58 | uel · wall_segment Palisade Wall x8 |
| 15:06 | Joselu9710 · wall_segment Stone Wall x1 |
| 16:16 | Joselu9710 · wall_segment Palisade Wall x1 |
| 16:48 | Joselu9710 · wall_segment Stone Wall x1 |
| 16:59 | uel · first_market_sell 100 wood |
| 17:01 | uel · first_market_buy 100 food |
| 17:37 | Joselu9710 · wall_segment Stone Wall x1 |
| 17:40 | Joselu9710 · wall_segment Stone Wall x1 |
| 17:44 | Joselu9710 · wall_segment Stone Wall x1 |
| 20:38 | Joselu9710 · age_up castle |
| 20:45 | Joselu9710 · first_building Castle |
| 21:03 | uel · age_up castle |
| 21:03 | Joselu9710 · first_market_buy 100 food |
| 21:58 | Joselu9710 · wall_segment Stone Wall x1 |
| 22:00 | Joselu9710 · wall_segment Stone Wall x3 |
| 22:02 | Joselu9710 · wall_segment Stone Wall x1 |
| 24:10 | uel · wall_segment Palisade Wall x5 |
| 26:57 | uel · first_building Siege Workshop |
| 30:51 | Joselu9710 · first_building Siege Workshop |
| 31:20 | Joselu9710 · first_building Monastery |
| 35:59 | Joselu9710 · first_building Barracks |
| 38:37 | Joselu9710 · age_up imperial |
| 40:16 | uel · age_up imperial |
| 41:24 | Joselu9710 · first_market_sell 100 food |
| 41:30 | uel · resign |
[ AI ANALYSIS · 1 CREDIT ]
What really happened in this match?
Wolo.gg analyzes every decision: build order, eco, micro, common mistakes by bracket. Personalized analysis on WhatsApp or Discord in 30 seconds.
Civ guide
Hindustanis
Perfil
Jugador #9754373